Blue Jackets vs Lightning

Created - November 14, 2020 at 20:15

Goals
1 2 3 T
Blue Jackets 0 1 2 3
Lightning 0 1 1 2
Shots
1 2 3 T
Blue Jackets 9 11 22 42
Lightning 4 9 19 32

1st period

No Goal

Penalties :
Jonathan Huberdeau (TB.) for Slashing (Minor) at 19:26

2nd period

1. Blue Jackets , Max Pacioretty 3 (Pavel Datsyuk 3, Martin Havlat 7) at 9:57 (PP)
2. Lightning , Mark Scheifele 12 (Tyler Johnson 13, Rasmus Ristolainen 11) at 14:42 (PP)

Penalties :
Dennis Wideman (Clb) for Spearing (Major / Game Misconduct) at 4:40, Stephen Weiss (TB.) for Roughing (Minor) at 9:49, Rob Scuderi (Clb) for Boarding (Minor) at 14:28, Rob Scuderi (Clb) for Hooking (Minor) at 15:56

3rd period

3. Blue Jackets , Tyler Seguin 6 (Artemi Panarin 6) at 5:05
4. Lightning , Tyler Johnson 5 (Justin Schultz 6, Mark Scheifele 5) at 12:31 (PP)
5. Blue Jackets , Cam Fowler 1 (Artemi Panarin 7, Tyler Seguin 6) at 13:45 (PP)

Penalties :
Tyler Kennedy (Clb) for Hooking (Minor) at 12:27, Jonathan Huberdeau (TB.) for Tripping (Minor) at 13:04

Goalie Stats

Rick DiPietro (Clb), 30 saves from 32 shots - (0.938), W, 2-3-0, 60:00 minutes
Philipp Grubauer (TB.), 39 saves from 42 shots - (0.929), L, 6-4-0, 59:04 minutes

Players Stats for Blue Jackets

Player Name              G  A  P  +/- PIM S  H  SB GA TA FO     MP     PP MP  PK MP  
------------------------------------------------------------------------------------
Andreas Nodl             0  0  0   0  0   0  0  0  0  0  0/0     7:14   0:00   0:00 
Artemi Panarin           0  2  2   1  0   5  0  1  1  1  2/2    23:35   1:50   3:26 
Brandon Bollig           0  0  0   0  0   0  1  0  0  0  0/1     7:23   0:00   0:00 
Branislav Mezei          0  0  0   1  0   1  0  0  0  0  0/0    14:44   0:42   3:10 
Cam Fowler               1  0  1   0  0   4  5  5  0  3  0/0    30:29   2:06   3:48 
Cody Eakin               0  0  0   0  0   2  1  0  0  0  0/2     8:14   0:00   0:44 
Dalton Prout             0  0  0   0  0   0  1  0  0  1  0/0    18:40   0:00   3:10 
Dennis Wideman           0  0  0   0  15  0  0  0  0  2  0/0     8:07   0:34   0:00 
Devin Setoguchi          0  0  0   1  0   2  1  0  1  0  0/1    19:41   1:50   0:00 
Eric Wellwood            0  0  0   0  0   2  1  0  0  1  1/1    13:30   0:00   1:48 
Martin Havlat            0  1  1   0  0   2  2  0  1  1  1/1    16:12   0:58   2:02 
Max Pacioretty           1  0  1   0  0   8  1  0  1  1  0/0    16:17   0:58   1:20 
Mike Lundin              0  0  0   0  0   3  2  1  0  1  0/0    30:29   2:06   3:48 
Pavel Datsyuk            0  1  1   0  0   2  2  0  0  0  6/12   16:20   0:58   2:02 
Peter Mueller            0  0  0   0  0   4  1  0  1  0  2/6    10:51   0:00   0:00 
Rob Scuderi              0  0  0   1  4   1  0  0  0  1  0/0    16:30   0:08   0:18 
Tyler Kennedy            0  0  0   0  2   0  1  1  0  0  0/0    10:50   0:00   0:00 
Tyler Seguin             1  1  2   1  0   6  2  1  0  0  22/50  23:34   1:50   3:28 

Players Stats for Lightning

Player Name              G  A  P  +/- PIM S  H  SB GA TA FO     MP     PP MP  PK MP  
------------------------------------------------------------------------------------
Ben Lovejoy              0  0  0  -1  0   0  1  1  0  2  0/0    20:06   3:08   0:46 
Brian Flynn              0  0  0  -1  0   1  0  1  1  0  1/3     6:23   0:00   0:00 
Clarke MacArthur         0  0  0  -1  0   1  3  0  0  0  0/0     7:09   0:39   0:07 
Henrik Zetterberg        0  0  0   0  0   4  2  0  1  0  0/1    17:10   2:57   0:28 
Jean-Gabriel Pageau      0  0  0   0  0   5  1  0  0  0  7/13   17:35   2:57   0:28 
Jesper Fast              0  0  0   0  0   2  3  0  0  1  0/0    14:02   0:50   0:07 
Jon Merrill              0  0  0   0  0   1  3  3  2  1  0/0    23:39   4:08   2:02 
Jonathan Huberdeau       0  0  0   0  4   3  0  0  3  0  0/0    20:08   3:27   0:00 
Jordin Tootoo            0  0  0  -1  0   0  1  1  0  0  0/0     7:14   0:51   0:00 
Justin Schultz           0  1  1  -1  0   0  0  2  1  0  0/0    18:53   3:08   0:46 
Kevin Marshall           0  0  0   0  0   1  1  3  0  0  0/0    15:19   0:00   0:00 
Ladislav Smid            0  0  0   0  0   0  0  2  0  0  0/0    18:53   0:15   2:02 
Linus Omark              0  0  0   0  0   2  2  1  1  0  0/0    13:05   0:00   0:00 
Mark Scheifele           1  1  2   0  0   3  2  2  0  0  24/35  22:26   3:30   2:13 
Rasmus Ristolainen       0  1  1   0  0   3  1  0  2  1  0/0    22:45   3:53   0:00 
Reilly Smith             0  0  0   0  0   1  3  0  1  0  0/0    16:45   3:00   0:00 
Stephen Weiss            0  0  0   0  2   2  1  1  0  0  6/19   13:09   0:05   0:00 
Tyler Johnson            1  1  2   0  0   3  1  0  0  0  4/5    22:28   3:32   2:13 

3 Stars

1 - Tyler Seguin (Clb)
2 - Cam Fowler (Clb)
3 - Mark Scheifele (TB.)

Power Play

Blue Jackets - 2 on 3 Attempt(s) - 66.67%
Lightning - 2 on 4 Attempt(s) - 50.00%

Penalty Kill

Blue Jackets - 2 on 4 Attempt(s) - 50.00% - Score 0 goal in Penalty Kill
Lightning - 1 on 3 Attempt(s) - 33.33% - Score 0 goal in Penalty Kill

Team Stat

Blue Jackets - Hits : 21 - Faceoff Wins : 34 - Blocked Shots : 9 - Penalty Minutes : 21
Lightning - Hits : 25 - Faceoff Wins : 42 - Blocked Shots : 17 - Penalty Minutes : 6

Official

Referees : Unknown
Linesman : Unknown

Game Notes

Dennis Wideman ejected from game at 4:40 of 2nd period

Finance

Level 1 -- Attendance: 4257 (70.95%) -- Ticket Income $489,555
Level 2 -- Attendance: 5000 (100.00%) -- Ticket Income $320,000
Level 3 -- Attendance: 1634 (81.70%) -- Ticket Income $71,896
Level 4 -- Attendance: 2718 (67.95%) -- Ticket Income $108,720
Luxury Box -- Attendance: 720 (72.00%) -- Ticket Income $154,800
Game was played at the Tampa Bay Stadium.
Total Attendance: 14329 (79.61%)
Total Ticket Income: $1,144,971
Other Income: $171,746
Total Income: $1,316,717

Blue Jackets

5 vs 5 Forward 
   Center                   Left Wing                Right Wing               Time % Phy DF OF 
 1 Tyler Seguin             Artemi Panarin           Devin Setoguchi          40     1   2  2  
 2 Pavel Datsyuk            Max Pacioretty           Martin Havlat            30     1   2  2  
 3 Peter Mueller            Eric Wellwood            Tyler Kennedy            20     1   2  2  
 4 Cody Eakin               Brandon Bollig           Andreas Nodl             10     1   2  2  

5 vs 5 Defense 
   Defense                  Defense                                           Time % Phy DF OF 
 1 Mike Lundin              Cam Fowler                                        40     1   2  2  
 2 Dennis Wideman           Dalton Prout                                      30     1   2  2  
 3 Rob Scuderi              Branislav Mezei                                   20     1   2  2  
 4 Mike Lundin              Cam Fowler                                        10     1   2  2  

PowerPlay Forward 
   Center                   Left Wing                Right Wing               Time % Phy DF OF 
 1 Tyler Seguin             Artemi Panarin           Devin Setoguchi          60     1   2  2  
 2 Pavel Datsyuk            Max Pacioretty           Martin Havlat            40     1   2  2  

PowerPlay Defense
   Defense                  Defense                                           Time % Phy DF OF 
 1 Mike Lundin              Cam Fowler                                        60     1   2  2  
 2 Dennis Wideman           Branislav Mezei                                   40     1   2  2  

Penalty Kill 4 Players Forward 
   Center                   Wing                     Time % Phy DF OF 
 1 Tyler Seguin             Artemi Panarin           60     1   2  2  
 2 Pavel Datsyuk            Martin Havlat            40     1   2  2  

Penalty Kill 4 Players Defense
   Defense                  Defense                  Time % Phy DF OF 
 1 Mike Lundin              Cam Fowler               60     1   2  2  
 2 Dennis Wideman           Dalton Prout             40     1   2  2  

Penalty Kill - 3 Players Forward 
   Forward                                           Time % Phy DF OF 
 1 Tyler Seguin                                      60     1   2  2  
 2 Pavel Datsyuk                                     40     1   2  2  

Penalty Kill - 3 Players Defense
   Defense                  Defense                  Time % Phy DF OF 
 1 Mike Lundin              Cam Fowler               60     1   2  2  
 2 Rob Scuderi              Dalton Prout             40     1   2  2  

4 vs 4 Forward 
   Center                   Wing                     Time % Phy DF OF 
 1 Tyler Seguin             Artemi Panarin           60     1   2  2  
 2 Pavel Datsyuk            Martin Havlat            40     1   2  2  

4 vs 4 Defense
   Defense                  Defense                  Time % Phy DF OF 
 1 Mike Lundin              Cam Fowler               60     1   2  2  
 2 Dennis Wideman           Dalton Prout             40     1   2  2  

Last Minutes Offensive
   Center                   Left Wing                Right Wing               Defense                  Defense                  
   Tyler Seguin             Artemi Panarin           Devin Setoguchi          Mike Lundin              Cam Fowler               

Last Minutes Defensive
   Center                   Left Wing                Right Wing               Defense                  Defense                  
   Tyler Seguin             Artemi Panarin           Devin Setoguchi          Mike Lundin              Cam Fowler               

Goaltenders
Starting : Rick DiPietro            
Backup : Andrei Vasilevskiy       

Extra Forwards
Normal : Pavel Datsyuk, Tyler Kennedy, Eric Wellwood - PP : Pavel Datsyuk, Tyler Kennedy - PK : Eric Wellwood
Extra Defensemen
Normal : Rob Scuderi, Branislav Mezei, Dennis Wideman - PP : Rob Scuderi - PK : Branislav Mezei, Dennis Wideman
Penalty Shots
Tyler Seguin, Artemi Panarin, Max Pacioretty, Peter Mueller, Devin Setoguchi

Scratches
Ryan Wilson (Healthy)

Lightning

5 vs 5 Forward 
   Center                   Left Wing                Right Wing               Time % Phy DF OF 
 1 Mark Scheifele           Jonathan Huberdeau       Tyler Johnson            35     1   2  2  
 2 Jean-Gabriel Pageau      Henrik Zetterberg        Reilly Smith             30     1   2  2  
 3 Stephen Weiss            Linus Omark              Jesper Fast              30     1   2  2  
 4 Brian Flynn              Clarke MacArthur         Jordin Tootoo            5      1   2  2  

5 vs 5 Defense 
   Defense                  Defense                                           Time % Phy DF OF 
 1 Jon Merrill              Rasmus Ristolainen                                35     1   2  2  
 2 Ben Lovejoy              Justin Schultz                                    30     1   2  2  
 3 Ladislav Smid            Kevin Marshall                                    30     1   2  2  
 4 Jon Merrill              Rasmus Ristolainen                                5      1   2  2  

PowerPlay Forward 
   Center                   Left Wing                Right Wing               Time % Phy DF OF 
 1 Mark Scheifele           Jonathan Huberdeau       Tyler Johnson            60     1   1  3  
 2 Jean-Gabriel Pageau      Henrik Zetterberg        Reilly Smith             40     1   1  3  

PowerPlay Defense
   Defense                  Defense                                           Time % Phy DF OF 
 1 Jon Merrill              Rasmus Ristolainen                                60     1   1  3  
 2 Justin Schultz           Ben Lovejoy                                       40     1   1  3  

Penalty Kill 4 Players Forward 
   Center                   Wing                     Time % Phy DF OF 
 1 Mark Scheifele           Tyler Johnson            60     1   3  1  
 2 Jean-Gabriel Pageau      Henrik Zetterberg        40     1   3  1  

Penalty Kill 4 Players Defense
   Defense                  Defense                  Time % Phy DF OF 
 1 Ladislav Smid            Jon Merrill              60     1   3  1  
 2 Ben Lovejoy              Justin Schultz           40     1   3  1  

Penalty Kill - 3 Players Forward 
   Forward                                           Time % Phy DF OF 
 1 Tyler Johnson                                     60     1   3  1  
 2 Jean-Gabriel Pageau                               40     1   3  1  

Penalty Kill - 3 Players Defense
   Defense                  Defense                  Time % Phy DF OF 
 1 Ladislav Smid            Jon Merrill              60     1   3  1  
 2 Ben Lovejoy              Justin Schultz           40     1   3  1  

4 vs 4 Forward 
   Center                   Wing                     Time % Phy DF OF 
 1 Mark Scheifele           Tyler Johnson            60     1   2  2  
 2 Jean-Gabriel Pageau      Reilly Smith             40     1   2  2  

4 vs 4 Defense
   Defense                  Defense                  Time % Phy DF OF 
 1 Jon Merrill              Rasmus Ristolainen       60     1   2  2  
 2 Jon Merrill              Justin Schultz           40     1   2  2  

Last Minutes Offensive
   Center                   Left Wing                Right Wing               Defense                  Defense                  
   Mark Scheifele           Jonathan Huberdeau       Tyler Johnson            Rasmus Ristolainen       Justin Schultz           

Last Minutes Defensive
   Center                   Left Wing                Right Wing               Defense                  Defense                  
   Jean-Gabriel Pageau      Henrik Zetterberg        Tyler Johnson            Ben Lovejoy              Jon Merrill              

Goaltenders
Starting : Philipp Grubauer         
Backup : Jhonas Enroth            

Extra Forwards
Normal : Clarke MacArthur, Linus Omark, Jonathan Huberdeau - PP : Jesper Fast, Jordin Tootoo - PK : Jesper Fast
Extra Defensemen
Normal : Jon Merrill, Rasmus Ristolainen, Justin Schultz - PP : Ladislav Smid - PK : Justin Schultz, Kevin Marshall
Penalty Shots
Mark Scheifele, Tyler Johnson, Reilly Smith, Henrik Zetterberg, Justin Schultz

Scratches
None


% Time on Ice - Blue Jackets

Lines # - Real PCT - Wanted PCT - Time Play
Normal Forward
1 - 36% - 40% - 17:31
2 - 27% - 30% - 13:12
3 - 22% - 20% - 10:51
4 - 15% - 10% - 7:14
Normal Defense
1 - 42% - 40% - 20:31
2 - 32% - 30% - 15:32
3 - 19% - 20% - 9:10
4 - 7% - 10% - 3:35
PP Forward
1 - 65% - 60% - 1:50
2 - 35% - 40% - 0:58
PP Defense
1 - 75% - 60% - 2:06
2 - 25% - 40% - 0:42
PK Forward
1 - 72% - 60% - 5:14
2 - 28% - 40% - 2:02
PK Defense
1 - 43% - 60% - 3:08
2 - 57% - 40% - 4:08
PK3 Forward
1 - 0% - 60%
2 - 0% - 40%
PK3 Defense
1 - 0% - 60%
2 - 0% - 40%
44 Forward
1 - 0% - 60%
2 - 0% - 40%
44 Defense
1 - 0% - 60%
2 - 0% - 40%
Last Minute Offensive  - 0:00
Last Minute Defensive  - 1:08
Total
Forward - 60:00
Defense - 60:00

% Time on Ice - Lightning

Lines # - Real PCT - Wanted PCT - Time Play
Normal Forward
1 - 32% - 35% - 15:36
2 - 28% - 30% - 13:45
3 - 27% - 30% - 13:05
4 - 13% - 5% - 6:23
Normal Defense
1 - 36% - 35% - 17:49
2 - 31% - 30% - 14:59
3 - 30% - 30% - 14:40
4 - 3% - 5% - 1:21
PP Forward
1 - 56% - 60% - 4:04
2 - 44% - 40% - 3:12
PP Defense
1 - 57% - 60% - 4:08
2 - 43% - 40% - 3:08
PK Forward
1 - 83% - 60% - 2:20
2 - 17% - 40% - 0:28
PK Defense
1 - 73% - 60% - 2:02
2 - 27% - 40% - 0:46
PK3 Forward
1 - 0% - 60%
2 - 0% - 40%
PK3 Defense
1 - 0% - 60%
2 - 0% - 40%
44 Forward
1 - 0% - 60%
2 - 0% - 40%
44 Defense
1 - 0% - 60%
2 - 0% - 40%
Last Minute Offensive  - 1:07
Last Minute Defensive  - 0:00
Total
Forward - 60:00
Defense - 60:00

Play-by-Play

1st period


0:01 of 1st period - Mark Scheifele wins face-off versus Tyler Seguin in neutral zone.
0:16 of 1st period - Snap shot by Tyler Johnson.
0:16 of 1st period - Deflect By Jonathan Huberdeau.
0:16 of 1st period - Shot Blocked by Artemi Panarin.
0:16 of 1st period - Puck is out of play.
0:17 of 1st period - Pavel Datsyuk wins face-off versus Jean-Gabriel Pageau in Blue Jackets zone.
0:42 of 1st period - Justin Schultz is hit by Brandon Bollig and loses puck.
0:55 of 1st period - Snap shot by Jean-Gabriel Pageau.
0:55 of 1st period - Stopped by Rick DiPietro with a rebound.
1:05 of 1st period - Wrist shot by Jean-Gabriel Pageau.
1:05 of 1st period - Shot Misses the Net.
1:45 of 1st period - Snap shot by Andreas Nodl.
1:45 of 1st period - Shot Blocked by Jon Merrill.
2:01 of 1st period - Slapshot by Jean-Gabriel Pageau.
2:01 of 1st period - Deflect By Reilly Smith.
2:01 of 1st period - Stopped by Rick DiPietro without a rebound.
2:02 of 1st period - Stephen Weiss wins face-off versus Tyler Seguin in Blue Jackets zone.
2:17 of 1st period - Wrist shot by Artemi Panarin.
2:17 of 1st period - Shot Misses the Net.
2:29 of 1st period - Tyler Johnson is hit by Cam Fowler.
4:18 of 1st period - Mike Lundin is hit by Jesper Fast and loses puck.
4:49 of 1st period - Wrist shot by Artemi Panarin.
4:49 of 1st period - Shot Blocked by Jon Merrill.
4:51 of 1st period - Slapshot by Mike Lundin.
4:51 of 1st period - Deflect By Rasmus Ristolainen.
4:51 of 1st period - Stopped by Philipp Grubauer with a rebound.
6:40 of 1st period - Tyler Kennedy is hit by Jesper Fast and loses puck.
6:59 of 1st period - Snap shot by Peter Mueller.
6:59 of 1st period - Stopped by Philipp Grubauer with a rebound.
7:19 of 1st period - Wrist shot by Eric Wellwood.
7:19 of 1st period - Stopped by Philipp Grubauer without a rebound.
7:20 of 1st period - Tyler Johnson wins face-off versus Tyler Seguin in Lightning zone.
7:29 of 1st period - Wrist shot by Jonathan Huberdeau.
7:29 of 1st period - Shot Misses the Net.
8:35 of 1st period - Wrist shot by Artemi Panarin.
8:35 of 1st period - Stopped by Philipp Grubauer with a rebound.
9:28 of 1st period - Rob Scuderi is hit by Tyler Johnson and loses puck.
9:46 of 1st period - Jon Merrill is hit by Cam Fowler.
11:13 of 1st period - Andreas Nodl is hit by Clarke MacArthur and loses puck.
12:32 of 1st period - Dennis Wideman is hit by Mark Scheifele and loses puck.
12:50 of 1st period - Tyler Kennedy is hit by Clarke MacArthur and loses puck.
13:01 of 1st period - Branislav Mezei is hit by Reilly Smith and loses puck.
13:12 of 1st period - Rasmus Ristolainen is hit by Martin Havlat and loses puck.
13:40 of 1st period - Max Pacioretty is hit by Jon Merrill and loses puck.
13:53 of 1st period - Cam Fowler is hit by Jordin Tootoo and loses puck.
14:34 of 1st period - Slapshot by Andreas Nodl.
14:34 of 1st period - Shot Blocked by Mark Scheifele.
14:36 of 1st period - Slapshot by Brandon Bollig.
14:36 of 1st period - Deflect By Cody Eakin.
14:36 of 1st period - Shot Misses the Net.
14:36 of 1st period - Puck is out of play.
14:37 of 1st period - Brian Flynn wins face-off versus Cody Eakin in Lightning zone.
14:42 of 1st period - Dennis Wideman is hit by Clarke MacArthur and loses puck.
15:08 of 1st period - Dennis Wideman is hit by Rasmus Ristolainen and loses puck.
15:25 of 1st period - Tyler Seguin is hit by Reilly Smith.
15:35 of 1st period - Snap shot by Jean-Gabriel Pageau.
15:35 of 1st period - Deflect By Artemi Panarin.
15:35 of 1st period - Stopped by Rick DiPietro without a rebound.
15:36 of 1st period - Pavel Datsyuk wins face-off versus Stephen Weiss in Blue Jackets zone.
15:47 of 1st period - Slapshot by Martin Havlat.
15:47 of 1st period - Shot Misses the Net.
15:49 of 1st period - Snap shot by Pavel Datsyuk.
15:49 of 1st period - Shot Misses the Net.
15:51 of 1st period - Snap shot by Martin Havlat.
15:51 of 1st period - Stopped by Philipp Grubauer without a rebound.
15:52 of 1st period - Tyler Seguin wins face-off versus Mark Scheifele in Lightning zone.
15:53 of 1st period - Slapshot by Artemi Panarin.
15:53 of 1st period - Shot Misses the Net.
15:59 of 1st period - Slapshot by Artemi Panarin.
15:59 of 1st period - Stopped by Philipp Grubauer without a rebound.
16:00 of 1st period - Mark Scheifele wins face-off versus Tyler Seguin in Lightning zone.
16:00 of 1st period - Mark Scheifele is hit by Cam Fowler.
16:10 of 1st period - Snap shot by Tyler Johnson.
16:10 of 1st period - Shot Misses the Net.
16:28 of 1st period - Wrist shot by Tyler Seguin.
16:28 of 1st period - Shot Misses the Net.
16:30 of 1st period - Snap shot by Artemi Panarin.
16:30 of 1st period - Stopped by Philipp Grubauer with a rebound.
16:44 of 1st period - Cam Fowler is hit by Kevin Marshall and loses puck.
17:13 of 1st period - Wrist shot by Jonathan Huberdeau.
17:13 of 1st period - Stopped by Rick DiPietro without a rebound.
17:14 of 1st period - Jean-Gabriel Pageau wins face-off versus Pavel Datsyuk in Blue Jackets zone.
17:37 of 1st period - Wrist shot by Peter Mueller.
17:37 of 1st period - Stopped by Philipp Grubauer without a rebound.
17:38 of 1st period - Stephen Weiss wins face-off versus Peter Mueller in Lightning zone.
17:45 of 1st period - Wrist shot by Peter Mueller.
17:45 of 1st period - Shot Misses the Net.
17:48 of 1st period - Icing by Stephen Weiss.
17:49 of 1st period - Pavel Datsyuk wins face-off versus Stephen Weiss in Lightning zone.
17:50 of 1st period - Snap shot by Max Pacioretty.
17:50 of 1st period - Shot Misses the Net.
18:20 of 1st period - Snap shot by Jean-Gabriel Pageau.
18:20 of 1st period - Shot Blocked by Mike Lundin.
18:36 of 1st period - Wrist shot by Cody Eakin.
18:36 of 1st period - Stopped by Philipp Grubauer without a rebound.
18:37 of 1st period - Mark Scheifele wins face-off versus Cody Eakin in Lightning zone.
19:03 of 1st period - Icing by Jonathan Huberdeau.
19:04 of 1st period - Mark Scheifele wins face-off versus Tyler Seguin in Lightning zone.
19:04 of 1st period - Mark Scheifele is hit by Mike Lundin.
19:20 of 1st period - Wrist shot by Tyler Seguin.
19:20 of 1st period - Shot Blocked by Mark Scheifele.
19:26 of 1st period - Minor Penalty to Jonathan Huberdeau for Slashing.
19:27 of 1st period - Tyler Seguin wins face-off versus Mark Scheifele in Lightning zone.
Goals for this period are 0 for Blue Jackets vs 0 for Lightning .
Shots for this period are 9 for Blue Jackets vs 4 for Lightning .

2nd period


0:01 of 2nd period - Mark Scheifele wins face-off versus Tyler Seguin in neutral zone.
1:26 of 2nd period - Penalty to Jonathan Huberdeau is over, Jonathan Huberdeau is back on ice.
2:13 of 2nd period - Cody Eakin is hit by Henrik Zetterberg and loses puck.
2:36 of 2nd period - Branislav Mezei is hit by Linus Omark and loses puck.
3:03 of 2nd period - Wrist shot by Tyler Seguin.
3:03 of 2nd period - Deflect By Devin Setoguchi.
3:03 of 2nd period - Shot Misses the Net.
3:03 of 2nd period - Puck is out of play.
3:04 of 2nd period - Tyler Seguin wins face-off versus Jean-Gabriel Pageau in Lightning zone.
3:47 of 2nd period - Snap shot by Stephen Weiss.
3:47 of 2nd period - Deflect By Jesper Fast.
3:47 of 2nd period - Stopped by Rick DiPietro with a rebound.
3:59 of 2nd period - Cam Fowler is hit by Jon Merrill and loses puck.
4:10 of 2nd period - Slapshot by Tyler Johnson.
4:10 of 2nd period - Stopped by Rick DiPietro without a rebound.
4:11 of 2nd period - Stephen Weiss wins face-off versus Devin Setoguchi in Blue Jackets zone.
4:12 of 2nd period - Snap shot by Linus Omark.
4:12 of 2nd period - Stopped by Rick DiPietro without a rebound.
4:13 of 2nd period - Tyler Seguin wins face-off versus Stephen Weiss in Blue Jackets zone.
4:13 of 2nd period - Tyler Seguin is hit by Ben Lovejoy.
4:25 of 2nd period - Snap shot by Tyler Seguin.
4:25 of 2nd period - Deflect By Stephen Weiss.
4:25 of 2nd period - Shot Misses the Net.
4:25 of 2nd period - Puck is out of play.
4:26 of 2nd period - Jean-Gabriel Pageau wins face-off versus Tyler Seguin in Lightning zone.
4:40 of 2nd period - Major / Game Misconduct Penalty to Dennis Wideman for Spearing.
4:40 of 2nd period - Dennis Wideman is ejected from game.
4:41 of 2nd period - Mark Scheifele wins face-off versus Tyler Seguin in Blue Jackets zone.
4:46 of 2nd period - Wrist shot by Tyler Johnson.
4:46 of 2nd period - Stopped by Rick DiPietro with a rebound.
4:48 of 2nd period - Snap shot by Jon Merrill.
4:48 of 2nd period - Shot Misses the Net.
5:45 of 2nd period - Wrist shot by Max Pacioretty.
5:45 of 2nd period - Stopped by Philipp Grubauer without a rebound.
5:46 of 2nd period - Eric Wellwood wins face-off versus Jean-Gabriel Pageau in Lightning zone.
7:03 of 2nd period - Snap shot by Mike Lundin.
7:03 of 2nd period - Deflect By Jon Merrill.
7:03 of 2nd period - Stopped by Philipp Grubauer with a rebound.
8:04 of 2nd period - Martin Havlat is hit by Jon Merrill and loses puck.
9:17 of 2nd period - Wrist shot by Pavel Datsyuk.
9:17 of 2nd period - Stopped by Philipp Grubauer without a rebound.
9:18 of 2nd period - Jean-Gabriel Pageau wins face-off versus Pavel Datsyuk in Lightning zone.
9:40 of 2nd period - Penalty to Dennis Wideman is over, Eric Wellwood is send on ice.
9:47 of 2nd period - Snap shot by Tyler Seguin.
9:47 of 2nd period - Shot Blocked by Kevin Marshall.
9:49 of 2nd period - Minor Penalty to Stephen Weiss for Roughing.
9:50 of 2nd period - Pavel Datsyuk wins face-off versus Tyler Johnson in Lightning zone.
9:57 of 2nd period - Snap shot by Max Pacioretty.
9:57 of 2nd period - Goal by Max Pacioretty - Blue Jackets : 1 - Lightning : 0.
9:58 of 2nd period - Mark Scheifele wins face-off versus Tyler Seguin in neutral zone.
10:03 of 2nd period - Artemi Panarin is hit by Mark Scheifele and loses puck.
10:24 of 2nd period - Rasmus Ristolainen is hit by Mike Lundin and loses puck.
10:29 of 2nd period - Slapshot by Martin Havlat.
10:29 of 2nd period - Stopped by Philipp Grubauer without a rebound.
10:30 of 2nd period - Jean-Gabriel Pageau wins face-off versus Pavel Datsyuk in Lightning zone.
10:40 of 2nd period - Off-side.
10:41 of 2nd period - Tyler Seguin wins face-off versus Mark Scheifele in neutral zone.
11:13 of 2nd period - Dalton Prout is hit by Jean-Gabriel Pageau and loses puck.
12:44 of 2nd period - Snap shot by Reilly Smith.
12:44 of 2nd period - Shot Misses the Net.
13:00 of 2nd period - Snap shot by Eric Wellwood.
13:00 of 2nd period - Stopped by Philipp Grubauer with a rebound.
13:02 of 2nd period - Wrist shot by Peter Mueller.
13:02 of 2nd period - Stopped by Philipp Grubauer without a rebound.
13:03 of 2nd period - Tyler Johnson wins face-off versus Peter Mueller in Lightning zone.
13:08 of 2nd period - Slapshot by Ben Lovejoy.
13:08 of 2nd period - Shot Misses the Net.
13:11 of 2nd period - Icing by Mike Lundin.
13:12 of 2nd period - Peter Mueller wins face-off versus Mark Scheifele in Blue Jackets zone.
13:21 of 2nd period - Slapshot by Cam Fowler.
13:21 of 2nd period - Stopped by Philipp Grubauer without a rebound.
13:22 of 2nd period - Tyler Seguin wins face-off versus Stephen Weiss in Lightning zone.
13:29 of 2nd period - Wrist shot by Devin Setoguchi.
13:29 of 2nd period - Shot Misses the Net.
14:20 of 2nd period - Snap shot by Brian Flynn.
14:20 of 2nd period - Stopped by Rick DiPietro with a rebound.
14:28 of 2nd period - Minor Penalty to Rob Scuderi for Boarding.
14:29 of 2nd period - Mark Scheifele wins face-off versus Tyler Seguin in Blue Jackets zone.
14:32 of 2nd period - Slapshot by Jonathan Huberdeau.
14:32 of 2nd period - Stopped by Rick DiPietro with a rebound.
14:34 of 2nd period - Slapshot by Jon Merrill.
14:34 of 2nd period - Shot Misses the Net.
14:36 of 2nd period - Slapshot by Rasmus Ristolainen.
14:36 of 2nd period - Shot Blocked by Cam Fowler.
14:38 of 2nd period - Wrist shot by Mark Scheifele.
14:38 of 2nd period - Shot Misses the Net.
14:40 of 2nd period - Wrist shot by Tyler Johnson.
14:40 of 2nd period - Shot Misses the Net.
14:42 of 2nd period - Wrist shot by Mark Scheifele.
14:42 of 2nd period - Goal by Mark Scheifele - Blue Jackets : 1 - Lightning : 1.
14:43 of 2nd period - Stephen Weiss wins face-off versus Tyler Seguin in neutral zone.
14:56 of 2nd period - Slapshot by Artemi Panarin.
14:56 of 2nd period - Shot Blocked by Linus Omark.
15:32 of 2nd period - Wrist shot by Henrik Zetterberg.
15:32 of 2nd period - Stopped by Rick DiPietro without a rebound.
15:33 of 2nd period - Jean-Gabriel Pageau wins face-off versus Peter Mueller in Blue Jackets zone.
15:50 of 2nd period - Snap shot by Henrik Zetterberg.
15:50 of 2nd period - Shot Misses the Net.
15:56 of 2nd period - Minor Penalty to Rob Scuderi for Hooking.
15:57 of 2nd period - Tyler Seguin wins face-off versus Mark Scheifele in Blue Jackets zone.
17:06 of 2nd period - Jonathan Huberdeau is hit by Martin Havlat and loses puck.
17:49 of 2nd period - Justin Schultz is hit by Eric Wellwood and loses puck.
17:56 of 2nd period - Penalty to Rob Scuderi is over, Rob Scuderi is back on ice.
18:08 of 2nd period - Snap shot by Clarke MacArthur.
18:08 of 2nd period - Stopped by Rick DiPietro with a rebound.
18:18 of 2nd period - Jordin Tootoo is hit by Max Pacioretty and loses puck.
18:23 of 2nd period - Slapshot by Rob Scuderi.
18:23 of 2nd period - Shot Blocked by Jordin Tootoo.
18:25 of 2nd period - Slapshot by Eric Wellwood.
18:25 of 2nd period - Shot Blocked by Brian Flynn.
18:27 of 2nd period - Wrist shot by Eric Wellwood.
18:27 of 2nd period - Shot Blocked by Kevin Marshall.
18:29 of 2nd period - Slapshot by Branislav Mezei.
18:29 of 2nd period - Shot Misses the Net.
18:31 of 2nd period - Snap shot by Dalton Prout.
18:31 of 2nd period - Deflect By Max Pacioretty.
18:31 of 2nd period - Stopped by Philipp Grubauer with a rebound.
18:33 of 2nd period - Slapshot by Branislav Mezei.
18:33 of 2nd period - Stopped by Philipp Grubauer without a rebound.
18:34 of 2nd period - Tyler Seguin wins face-off versus Stephen Weiss in Lightning zone.
18:35 of 2nd period - Snap shot by Artemi Panarin.
18:35 of 2nd period - Stopped by Philipp Grubauer without a rebound.
18:36 of 2nd period - Tyler Seguin wins face-off versus Stephen Weiss in Lightning zone.
19:01 of 2nd period - Ben Lovejoy is hit by Cam Fowler and loses puck.
19:10 of 2nd period - Snap shot by Cody Eakin.
19:10 of 2nd period - Shot Blocked by Justin Schultz.
19:29 of 2nd period - Dalton Prout is hit by Henrik Zetterberg and loses puck.
19:36 of 2nd period - Rasmus Ristolainen is hit by Pavel Datsyuk and loses puck.
19:47 of 2nd period - Cam Fowler is hit by Stephen Weiss and loses puck.
19:54 of 2nd period - Jon Merrill is hit by Peter Mueller and loses puck.
Goals for this period are 1 for Blue Jackets vs 1 for Lightning .
Shots for this period are 11 for Blue Jackets vs 9 for Lightning .

3rd period


0:01 of 3rd period - Tyler Seguin wins face-off versus Mark Scheifele in neutral zone.
0:16 of 3rd period - Backhand shot by Kevin Marshall.
0:16 of 3rd period - Deflect By Mark Scheifele.
0:16 of 3rd period - Shot Blocked by Cam Fowler.
0:16 of 3rd period - Puck is out of play.
0:17 of 3rd period - Stephen Weiss wins face-off versus Pavel Datsyuk in Blue Jackets zone.
0:24 of 3rd period - Slapshot by Rasmus Ristolainen.
0:24 of 3rd period - Stopped by Rick DiPietro with a rebound.
0:26 of 3rd period - Slapshot by Rasmus Ristolainen.
0:26 of 3rd period - Shot Misses the Net.
0:28 of 3rd period - Wrist shot by Linus Omark.
0:28 of 3rd period - Stopped by Rick DiPietro with a rebound.
0:30 of 3rd period - Wrist shot by Stephen Weiss.
0:30 of 3rd period - Shot Blocked by Cam Fowler.
0:44 of 3rd period - Tyler Johnson is hit by Devin Setoguchi and loses puck.
1:27 of 3rd period - Slapshot by Cody Eakin.
1:27 of 3rd period - Shot Misses the Net.
1:29 of 3rd period - Snap shot by Cody Eakin.
1:29 of 3rd period - Stopped by Philipp Grubauer with a rebound.
1:33 of 3rd period - Snap shot by Cody Eakin.
1:33 of 3rd period - Deflect By Brandon Bollig.
1:33 of 3rd period - Shot Blocked by Ladislav Smid.
1:33 of 3rd period - Puck is out of play.
1:34 of 3rd period - Mark Scheifele wins face-off versus Tyler Seguin in Lightning zone.
1:39 of 3rd period - Snap shot by Devin Setoguchi.
1:39 of 3rd period - Stopped by Philipp Grubauer without a rebound.
1:40 of 3rd period - Mark Scheifele wins face-off versus Tyler Seguin in Lightning zone.
1:46 of 3rd period - Off-side.
1:47 of 3rd period - Artemi Panarin wins face-off versus Mark Scheifele in neutral zone.
2:22 of 3rd period - Slapshot by Stephen Weiss.
2:22 of 3rd period - Stopped by Rick DiPietro with a rebound.
2:24 of 3rd period - Snap shot by Stephen Weiss.
2:24 of 3rd period - Stopped by Rick DiPietro without a rebound.
2:25 of 3rd period - Jean-Gabriel Pageau wins face-off versus Pavel Datsyuk in Blue Jackets zone.
2:26 of 3rd period - Wrist shot by Henrik Zetterberg.
2:26 of 3rd period - Deflect By Jean-Gabriel Pageau.
2:26 of 3rd period - Stopped by Rick DiPietro without a rebound.
2:27 of 3rd period - Pavel Datsyuk wins face-off versus Henrik Zetterberg in Blue Jackets zone.
2:36 of 3rd period - Snap shot by Max Pacioretty.
2:36 of 3rd period - Stopped by Philipp Grubauer without a rebound.
2:37 of 3rd period - Tyler Seguin wins face-off versus Jean-Gabriel Pageau in Lightning zone.
3:17 of 3rd period - Wrist shot by Reilly Smith.
3:17 of 3rd period - Deflect By Henrik Zetterberg.
3:17 of 3rd period - Shot Misses the Net.
3:17 of 3rd period - Puck is out of play.
3:18 of 3rd period - Mark Scheifele wins face-off versus Tyler Seguin in Blue Jackets zone.
3:47 of 3rd period - Max Pacioretty is hit by Jesper Fast and loses puck.
4:09 of 3rd period - Snap shot by Tyler Kennedy.
4:09 of 3rd period - Deflect By Peter Mueller.
4:09 of 3rd period - Stopped by Philipp Grubauer without a rebound.
4:10 of 3rd period - Tyler Seguin wins face-off versus Brian Flynn in Lightning zone.
4:47 of 3rd period - Icing by Jordin Tootoo.
4:48 of 3rd period - Tyler Seguin wins face-off versus Brian Flynn in Lightning zone.
4:59 of 3rd period - Snap shot by Artemi Panarin.
4:59 of 3rd period - Shot Misses the Net.
5:05 of 3rd period - Snap shot by Tyler Seguin.
5:05 of 3rd period - Goal by Tyler Seguin - Blue Jackets : 2 - Lightning : 1.
5:06 of 3rd period - Mark Scheifele wins face-off versus Tyler Seguin in neutral zone.
5:33 of 3rd period - Linus Omark is hit by Cam Fowler and loses puck.
6:04 of 3rd period - Snap shot by Jean-Gabriel Pageau.
6:04 of 3rd period - Stopped by Rick DiPietro without a rebound.
6:05 of 3rd period - Mark Scheifele wins face-off versus Tyler Seguin in Blue Jackets zone.
6:06 of 3rd period - Snap shot by Jonathan Huberdeau.
6:06 of 3rd period - Shot Misses the Net.
6:16 of 3rd period - Wrist shot by Devin Setoguchi.
6:16 of 3rd period - Shot Blocked by Justin Schultz.
7:21 of 3rd period - Slapshot by Cam Fowler.
7:21 of 3rd period - Stopped by Philipp Grubauer with a rebound.
7:41 of 3rd period - Snap shot by Tyler Seguin.
7:41 of 3rd period - Stopped by Philipp Grubauer without a rebound.
7:42 of 3rd period - Pavel Datsyuk wins face-off versus Jean-Gabriel Pageau in Lightning zone.
7:57 of 3rd period - Wrist shot by Henrik Zetterberg.
7:57 of 3rd period - Stopped by Rick DiPietro without a rebound.
7:58 of 3rd period - Mark Scheifele wins face-off versus Tyler Seguin in Blue Jackets zone.
8:05 of 3rd period - Wrist shot by Tyler Johnson.
8:05 of 3rd period - Shot Misses the Net.
8:25 of 3rd period - Cam Fowler is hit by Linus Omark and loses puck.
8:32 of 3rd period - Wrist shot by Pavel Datsyuk.
8:32 of 3rd period - Stopped by Philipp Grubauer without a rebound.
8:33 of 3rd period - Martin Havlat wins face-off versus Jean-Gabriel Pageau in Lightning zone.
8:42 of 3rd period - Wrist shot by Max Pacioretty.
8:42 of 3rd period - Stopped by Philipp Grubauer without a rebound.
8:43 of 3rd period - Jean-Gabriel Pageau wins face-off versus Pavel Datsyuk in Lightning zone.
8:43 of 3rd period - Jean-Gabriel Pageau is hit by Pavel Datsyuk.
9:41 of 3rd period - Snap shot by Reilly Smith.
9:41 of 3rd period - Shot Blocked by Cam Fowler.
10:07 of 3rd period - Snap shot by Max Pacioretty.
10:07 of 3rd period - Shot Blocked by Ladislav Smid.
10:09 of 3rd period - Snap shot by Max Pacioretty.
10:09 of 3rd period - Stopped by Philipp Grubauer with a rebound.
10:11 of 3rd period - Slapshot by Pavel Datsyuk.
10:11 of 3rd period - Shot Misses the Net.
10:13 of 3rd period - Wrist shot by Max Pacioretty.
10:13 of 3rd period - Stopped by Philipp Grubauer with a rebound.
10:15 of 3rd period - Slapshot by Mike Lundin.
10:15 of 3rd period - Shot Misses the Net.
10:21 of 3rd period - Snap shot by Pavel Datsyuk.
10:21 of 3rd period - Shot Misses the Net.
10:23 of 3rd period - Snap shot by Max Pacioretty.
10:23 of 3rd period - Stopped by Philipp Grubauer with a rebound.
10:25 of 3rd period - Snap shot by Cam Fowler.
10:25 of 3rd period - Stopped by Philipp Grubauer with a rebound.
10:27 of 3rd period - Slapshot by Mike Lundin.
10:27 of 3rd period - Deflect By Kevin Marshall.
10:27 of 3rd period - Stopped by Philipp Grubauer without a rebound.
10:28 of 3rd period - Tyler Johnson wins face-off versus Tyler Seguin in Lightning zone.
10:43 of 3rd period - Wrist shot by Artemi Panarin.
10:43 of 3rd period - Deflect By Tyler Seguin.
10:43 of 3rd period - Stopped by Philipp Grubauer without a rebound.
10:44 of 3rd period - Peter Mueller wins face-off versus Stephen Weiss in Lightning zone.
10:51 of 3rd period - Slapshot by Rasmus Ristolainen.
10:51 of 3rd period - Stopped by Rick DiPietro without a rebound.
10:52 of 3rd period - Stephen Weiss wins face-off versus Peter Mueller in Blue Jackets zone.
10:58 of 3rd period - Wrist shot by Jesper Fast.
10:58 of 3rd period - Shot Hit the Post.
11:00 of 3rd period - Wrist shot by Jesper Fast.
11:00 of 3rd period - Stopped by Rick DiPietro without a rebound.
11:01 of 3rd period - Tyler Seguin wins face-off versus Mark Scheifele in Blue Jackets zone.
11:05 of 3rd period - Off-side.
11:06 of 3rd period - Mark Scheifele wins face-off versus Tyler Seguin in neutral zone.
11:22 of 3rd period - Icing by Tyler Seguin.
11:23 of 3rd period - Tyler Seguin wins face-off versus Stephen Weiss in Blue Jackets zone.
11:30 of 3rd period - Linus Omark is hit by Tyler Seguin and loses puck.
12:11 of 3rd period - Wrist shot by Henrik Zetterberg.
12:11 of 3rd period - Stopped by Rick DiPietro with a rebound.
12:13 of 3rd period - Snap shot by Henrik Zetterberg.
12:13 of 3rd period - Shot Blocked by Tyler Kennedy.
12:15 of 3rd period - Slapshot by Rasmus Ristolainen.
12:15 of 3rd period - Stopped by Rick DiPietro with a rebound.
12:17 of 3rd period - Snap shot by Rasmus Ristolainen.
12:17 of 3rd period - Shot Misses the Net.
12:19 of 3rd period - Snap shot by Henrik Zetterberg.
12:19 of 3rd period - Stopped by Rick DiPietro with a rebound.
12:21 of 3rd period - Snap shot by Jon Merrill.
12:21 of 3rd period - Stopped by Rick DiPietro with a rebound.
12:27 of 3rd period - Minor Penalty to Tyler Kennedy for Hooking.
12:28 of 3rd period - Mark Scheifele wins face-off versus Tyler Seguin in Blue Jackets zone.
12:31 of 3rd period - Slapshot by Tyler Johnson.
12:31 of 3rd period - Goal by Tyler Johnson - Blue Jackets : 2 - Lightning : 2.
12:32 of 3rd period - Artemi Panarin wins face-off versus Stephen Weiss in neutral zone.
12:39 of 3rd period - Wrist shot by Artemi Panarin.
12:39 of 3rd period - Stopped by Philipp Grubauer without a rebound.
12:40 of 3rd period - Tyler Seguin wins face-off versus Stephen Weiss in Lightning zone.
12:43 of 3rd period - Wrist shot by Tyler Seguin.
12:43 of 3rd period - Stopped by Philipp Grubauer with a rebound.
12:45 of 3rd period - Slapshot by Cam Fowler.
12:45 of 3rd period - Shot Blocked by Stephen Weiss.
12:47 of 3rd period - Wrist shot by Artemi Panarin.
12:47 of 3rd period - Shot Hit the Post.
12:49 of 3rd period - Slapshot by Cam Fowler.
12:49 of 3rd period - Shot Blocked by Ben Lovejoy.
12:51 of 3rd period - Slapshot by Devin Setoguchi.
12:51 of 3rd period - Stopped by Philipp Grubauer with a rebound.
12:53 of 3rd period - Slapshot by Cam Fowler.
12:53 of 3rd period - Deflect By Artemi Panarin.
12:53 of 3rd period - Shot Misses the Net.
12:53 of 3rd period - Puck is out of play.
12:54 of 3rd period - Mark Scheifele wins face-off versus Tyler Seguin in Lightning zone.
13:04 of 3rd period - Minor Penalty to Jonathan Huberdeau for Tripping.
13:05 of 3rd period - Mark Scheifele wins face-off versus Tyler Seguin in Lightning zone.
13:12 of 3rd period - Icing by Mike Lundin.
13:13 of 3rd period - Tyler Johnson wins face-off versus Tyler Seguin in Blue Jackets zone.
13:14 of 3rd period - Snap shot by Mark Scheifele.
13:14 of 3rd period - Stopped by Rick DiPietro without a rebound.
13:15 of 3rd period - Mark Scheifele wins face-off versus Tyler Seguin in Blue Jackets zone.
13:16 of 3rd period - Snap shot by Tyler Johnson.
13:16 of 3rd period - Deflect By Mark Scheifele.
13:16 of 3rd period - Shot Misses the Net.
13:16 of 3rd period - Puck is out of play.
13:17 of 3rd period - Tyler Seguin wins face-off versus Mark Scheifele in Blue Jackets zone.
13:33 of 3rd period - Off-side.
13:34 of 3rd period - Tyler Seguin wins face-off versus Mark Scheifele in neutral zone.
13:41 of 3rd period - Snap shot by Tyler Seguin.
13:41 of 3rd period - Stopped by Philipp Grubauer with a rebound.
13:43 of 3rd period - Wrist shot by Artemi Panarin.
13:43 of 3rd period - Shot Blocked by Jon Merrill.
13:45 of 3rd period - Slapshot by Cam Fowler.
13:45 of 3rd period - Goal by Cam Fowler - Blue Jackets : 3 - Lightning : 2.
13:46 of 3rd period - Tyler Seguin wins face-off versus Mark Scheifele in neutral zone.
13:51 of 3rd period - Snap shot by Artemi Panarin.
13:51 of 3rd period - Shot Blocked by Kevin Marshall.
14:01 of 3rd period - Snap shot by Kevin Marshall.
14:01 of 3rd period - Stopped by Rick DiPietro with a rebound.
14:58 of 3rd period - Off-side.
14:59 of 3rd period - Mark Scheifele wins face-off versus Brandon Bollig in neutral zone.
15:34 of 3rd period - Icing by Justin Schultz.
15:35 of 3rd period - Tyler Seguin wins face-off versus Stephen Weiss in Lightning zone.
15:42 of 3rd period - Wrist shot by Tyler Seguin.
15:42 of 3rd period - Deflect By Devin Setoguchi.
15:42 of 3rd period - Shot Misses the Net.
15:42 of 3rd period - Puck is out of play.
15:43 of 3rd period - Tyler Seguin wins face-off versus Stephen Weiss in Lightning zone.
16:39 of 3rd period - Wrist shot by Jean-Gabriel Pageau.
16:39 of 3rd period - Stopped by Rick DiPietro without a rebound.
16:40 of 3rd period - Tyler Seguin wins face-off versus Stephen Weiss in Blue Jackets zone.
16:45 of 3rd period - Slapshot by Rob Scuderi.
16:45 of 3rd period - Deflect By Tyler Seguin.
16:45 of 3rd period - Stopped by Philipp Grubauer with a rebound.
16:47 of 3rd period - Slapshot by Rob Scuderi.
16:47 of 3rd period - Stopped by Philipp Grubauer with a rebound.
17:18 of 3rd period - Jon Merrill is hit by Dalton Prout and loses puck.
17:41 of 3rd period - Pavel Datsyuk is hit by Reilly Smith and loses puck.
17:54 of 3rd period - Ben Lovejoy is hit by Tyler Seguin and loses puck.
18:27 of 3rd period - Linus Omark is hit by Cody Eakin and loses puck.
18:43 of 3rd period - Jean-Gabriel Pageau is hit by Tyler Kennedy and loses puck.
18:57 of 3rd period - Off-side.
18:58 of 3rd period - Mike Babcock call a timeout for Lightning .
18:58 of 3rd period - Mark Scheifele wins face-off versus Tyler Seguin in neutral zone.
19:00 of 3rd period - Off-side.
19:01 of 3rd period - Mark Scheifele wins face-off versus Tyler Seguin in neutral zone.
19:04 of 3rd period - Lightning , Philipp Grubauer is pulled from the net.
19:06 of 3rd period - Slapshot by Jonathan Huberdeau.
19:06 of 3rd period - Stopped by Rick DiPietro without a rebound.
19:07 of 3rd period - Mark Scheifele wins face-off versus Tyler Seguin in Blue Jackets zone.
19:08 of 3rd period - Wrist shot by Jonathan Huberdeau.
19:08 of 3rd period - Shot Blocked by Cam Fowler.
19:12 of 3rd period - Snap shot by Mark Scheifele.
19:12 of 3rd period - Stopped by Rick DiPietro with a rebound.
19:14 of 3rd period - Snap shot by Jonathan Huberdeau.
19:14 of 3rd period - Deflect By Mark Scheifele.
19:14 of 3rd period - Shot Misses the Net.
19:14 of 3rd period - Puck is out of play.
19:15 of 3rd period - Mark Scheifele wins face-off versus Tyler Seguin in Blue Jackets zone.
19:32 of 3rd period - Snap shot by Mark Scheifele.
19:32 of 3rd period - Shot Misses the Net.
19:36 of 3rd period - Slapshot by Jonathan Huberdeau.
19:36 of 3rd period - Shot Misses the Net.
19:51 of 3rd period - Snap shot by Tyler Johnson.
19:51 of 3rd period - Shot Blocked by Tyler Seguin.
Goals for this period are 2 for Blue Jackets vs 1 for Lightning .
Shots for this period are 22 for Blue Jackets vs 19 for Lightning .